 Dungeon Crawl Stone Soup version 0.31-a0-188-g5e087ee2ca (webtiles) character file.

Game seed: 15355013315430373322

3005 qw the Markself (level 9, -3/52 HPs)
             Began as a Deep Elf Hunter on June 23, 2023.
             Was a Believer of Okawaru.
             Slain by a two-headed ogre
             ... wielding a +0 giant club
              (23 damage)
             ... on level 6 of the Dungeon.
             The game lasted 00:01:58 (5118 turns).

qw the Markself (Deep Elf Hunter)                   Turns: 5118, Time: 00:01:59

Health: -3/52      AC: 12    Str: 12    XL:     9   Next: 54%
Magic:  14/14      EV: 21    Int: 15    God:    Okawaru [**....]
Gold:   320        SH:  0    Dex: 18    Spells: 8/8 levels left

rFire   + . .        Y - +0 orcbow
rCold   . . .        (shield currently unavailable)
rNeg    . . .        c - +2 ring mail
rPois   .            (no helmet)
rElec   +            (no cloak)
rCorr   .            k - +2 pair of gloves
SInv    .            m - +0 pair of boots
Will    .....        (no amulet)
Stlth   ++++         a - +5 ring of evasion
HPRegen 0.28/turn    d - ring "Rytiodgheeta" {rElec rF+ Stlth+}
MPRegen 0.14/turn

%: no passive effects
@: heroic
A: no striking features
a: Renounce Religion, Heroism


You were on level 6 of the Dungeon.
You worshipped Okawaru.
Okawaru was pleased with you.
You visited 2 branches of the dungeon, and saw 8 of its levels.

You collected 320 gold pieces.


   Skills:
 - Level 4.0(9.0) Fighting
 + Level 15.1(20.1) Ranged Weapons
 - Level 1.0(6.0) Armour
 - Level 5.0(10.0) Dodging
 - Level 1.2(6.2) Stealth
 - Level 4.2 Invocations


You had 8 spell levels left.
You didn't know any spells.
Your spell library was empty.

Inventory:

Hand Weapons
 Y - a +0 orcbow (weapon)
Armour
 c - a +2 ring mail (worn)
 k - a +2 pair of gloves (worn)
 m - a +0 pair of boots (worn)
Jewellery
 a - a +5 ring of evasion (left hand)
 d - the ring "Rytiodgheeta" (right hand) {rElec rF+ Stlth+}
   (You acquired it on level 5 of the Dungeon)

   [ring of protection from fire]

   rF:        It protects you from fire.
   rElec:     It insulates you from electricity.
   Stlth:     It makes you more stealthy.
Scrolls
 h - a scroll of teleportation
 l - a scroll of identify
Potions
 b - a potion of resistance
 e - a potion of haste
 f - a potion of curing
 g - a potion of cancellation {unknown}
 i - a potion of lignification {unknown}
 j - a potion of attraction {unknown}
 n - a potion of might {unknown}

Dungeon Overview and Level Annotations

Branches:
Dungeon (7/15)             Temple (1/1) D:4

Altars:
Elyvilon
Fedhas
Hepliaklqana
Kikubaaqudgha
Makhleb
Okawaru
Qazlal
Sif Muna
Vehumet
Wu Jian
Zin

Annotations:
D:3 3 runed translucent doors, qw's ghost, amateur DEHu


Message History

The troll is heavily wounded.
The troll closely misses you. The troll completely misses you.
The troll claws you.
You shoot an arrow. The arrow hits the troll!
The troll is severely wounded.
The troll bites you.
The troll claws you but does no damage. x2
You shoot an arrow. The arrow closely misses the troll.
The troll bites you! The troll completely misses you. The troll claws you.
You shoot an arrow. The arrow barely misses the troll.
The troll bites you! The troll barely misses you.
The troll claws you but does no damage.
You shoot an arrow. The arrow hits the troll!
The troll is almost dead.
You shoot an arrow. The arrow hits the troll!
You kill the troll!
Okawaru accepts your kill.
The troll leather armour is intact enough to wear.
Your base Fighting skill increases to level 4!
You shoot an arrow.
The arrow barely misses the kobold demonologist.
The kobold demonologist misses you.
You shoot an arrow.
The arrow hits the kobold demonologist but does no damage.
The kobold demonologist is lightly wounded.
The kobold demonologist closely misses you.
You shoot an arrow.
The arrow misses the kobold demonologist.
The kobold demonologist mumbles some strange words.
You shoot an arrow.
The arrow completely misses the kobold demonologist.
You shoot an arrow.
The arrow closely misses the kobold demonologist.
The iron imp barely misses you.
You shoot an arrow. The arrow hits the two-headed ogre.
The two-headed ogre is lightly wounded.
You hear a shout!
5118 ||| Stepping ~*~*~tactically~*~*~ (outnumbered).
The two-headed ogre attacks as you move away!
The two-headed ogre hits you with a +0 giant club!!
You die...

...K.c..# ....¤O¤.#
#### ...K¤T¤.# ...#
....D¤..# ...#
...¤¤...# ...#
.......D# ...#
.....¤KD#
##'##############O#
.......8#.....).@5#
........#.........#
......))#.........#
........).........#
###################


You could see a two-headed ogre, a steam dragon, an acid dragon and an iron imp
(summoned).

Vanquished Creatures
  A troll (D:6)
  Eustachio (D:5)
  A steam dragon (D:7)
  Menkaure (D:5)
  A water moccasin (D:5)
  An acid dragon (D:6)
  An orc warrior (D:6)
  4 ice beasts
  3 black bears
  A centaur (D:6)
  3 phantoms
  A gnoll sergeant (D:6)
  3 scorpions
  A bullfrog (D:6)
  3 wights (D:7)
  A howler monkey (D:6)
  6 hounds
  An orc priest (D:6)
  A jelly (D:7)
  A gnoll bouda (D:6)
  An iguana (D:3)
  4 orc wizards
  2 sleepcaps
  9 adders
  2 white imps
  A worm (D:2)
  17 orcs
  2 ball pythons
  5 endoplasms
  2 giant cockroaches
  7 goblins
  4 hobgoblins
  8 jackals (D:2)
  A quokka (D:1)
  4 bats
  4 frilled lizards
  7 kobolds
  2 rats
118 creatures vanquished.

Vanquished Creatures (others)
  A howler monkey (D:6)
  An orc (D:6)
2 creatures vanquished.

Grand Total: 120 creatures vanquished

Notes
Turn   | Place    | Note
-------+----------+-------------------------------------------
     0 | D:1      | qw the Deep Elf Hunter began the quest for the Orb.
     0 | D:1      | Reached XP level 1. HP: 12/12 MP: 3/3
     0 | D:1      | 0 ||| qw: Version: 0.3-a-9-g12657ce
     0 | D:1      | 0 ||| qw: Game counter: 4051
     0 | D:1      | 0 ||| qw: Always use a shield: true
     0 | D:1      | 0 ||| qw: God list: Okawaru
     0 | D:1      | 0 ||| qw: Allow faded altars: false
     0 | D:1      | 0 ||| qw: Do Orc after D:15 true
     0 | D:1      | 0 ||| qw: Do second Lair branch before Depths: true
     0 | D:1      | 0 ||| qw: Lair rune preference: random
     0 | D:1      | 0 ||| qw: Plans: Normal
     0 | D:1      | 0 ||| PLANNING D:1-11
     6 | D:1      | Noticed a black mamba
     6 | D:1      | Noticed a hound
   346 | D:1      | Reached XP level 2. HP: 16/16 MP: 4/4
   354 | D:1      | Reached skill level 6 in Ranged Weapons
   657 | D:1      | 657 ||| UPGRADING to +0 scale mail.
   667 | D:1      | 667 ||| DROPPING +0 leather armour.
   668 | D:1      | 668 ||| UPGRADING to +0 pair of gloves.
   673 | D:1      | 673 ||| READING scroll labelled FUTTUG IZI.
   676 | D:1      | 676 ||| READING scroll labelled UBE YTEV WULUI.
   677 | D:1      | 677 ||| READING scroll labelled LIP GUSOMOIKHI.
   678 | D:1      | 678 ||| READING scroll labelled IHIRUAN LUZUTI.
   679 | D:1      | 679 ||| DROPPING scroll of butterflies.
   822 | D:2      | Reached XP level 3. HP: 20/20 MP: 5/5
   900 | D:2      | Reached skill level 7 in Ranged Weapons
   996 | D:2      | Found a faded altar of an unknown god.
  1072 | D:2      | Reached XP level 4. HP: 25/25 MP: 6/6
  1216 | D:2      | 1216 ||| UPGRADING to +5 ring of evasion.
  1217 | D:2      | 1217 ||| READING scroll labelled VOR MAOZYTHY.
  1473 | D:3      | Reached skill level 8 in Ranged Weapons
  1615 | D:3      | Found a runed translucent gate.
  1615 | D:3      | Found a runed translucent gate.
  1619 | D:3      | 1619 ||| READING scroll of enchant armour.
  1619 | D:3      | 1619 ||| ENCHANTING +0 pair of gloves.
  1621 | D:3      | Found a runed translucent gate.
  1622 | D:3      | Noticed qw's ghost (amateur DEHu)
  1622 | D:3      | Noticed qw's ghost (amateur DEHu)
  2073 | D:3      | 2073 ||| UPGRADING to +2 pair of gloves.
  2083 | D:3      | 2083 ||| DROPPING +1 pair of gloves.
  2084 | D:3      | 2084 ||| READING 2 scrolls labelled PAUGGUE GUGGY.
  2085 | D:3      | 2085 ||| READING scroll labelled MAPHORHUWAO.
  2086 | D:3      | 2086 ||| DROPPING scroll of vulnerability.
  2184 | D:4      | Found a staircase to the Ecumenical Temple.
  2185 | D:4      | 2185 ||| PLANNING TEMPLE
  2185 | D:4      | 2185 ||| READING 4 scrolls of identify.
  2185 | D:4      | 2185 ||| IDENTIFYING glowing ruby potion
  2186 | D:4      | 2186 ||| READING 3 scrolls of identify.
  2186 | D:4      | 2186 ||| IDENTIFYING fizzy green potion
  2187 | D:4      | 2187 ||| READING 2 scrolls of identify.
  2187 | D:4      | 2187 ||| IDENTIFYING sedimented red potion
  2194 | Temple   | Entered the Ecumenical Temple
  2195 | Temple   | 2195 ||| PLANNING OKAWARU WORSHIP
  2199 | Temple   | Became a worshipper of Warmaster Okawaru
  2200 | Temple   | 2200 ||| PLANNING D:1-11
  2298 | D:4      | Found an ornate altar of the Wu Jian Council.
  2352 | D:4      | Found a burning altar of Makhleb.
  2416 | D:4      | Reached XP level 5. HP: 25/29 MP: 7/7
  2505 | D:4      | Found an ancient bone altar of Kikubaaqudgha.
  2523 | D:4      | 2523 ||| DRINKING potion of curing.
  2523 | D:4      | 2523 ||| (to cure confusion)
  2525 | D:4      | Reached skill level 9 in Ranged Weapons
  2536 | D:4      | HP: 3/29 [something/magic dart (7)]
  2538 | D:4      | Reached skill level 1 in Armour
  2781 | D:4      | 2781 ||| UPGRADING to +0 ring mail.
  2791 | D:4      | 2791 ||| DROPPING +0 scale mail.
  2792 | D:4      | 2792 ||| READING scroll of enchant armour.
  2792 | D:4      | 2792 ||| ENCHANTING +0 ring mail.
  2835 | D:5      | Entered Level 5 of the Dungeon
  2887 | D:5      | Reached XP level 6. HP: 32/35 MP: 8/8
  2992 | D:5      | Reached * piety under Okawaru
  2993 | D:5      | Reached skill level 10 in Ranged Weapons
  3036 | D:5      | Noticed an ice beast
  3037 | D:5      | 3037 ||| INVOKING Heroism.
  3043 | D:5      | Killed an ice beast
  3044 | D:5      | Reached skill level 3 in Dodging
  3044 | D:5      | Reached XP level 7. HP: 33/40 MP: 6/9
  3098 | D:5      | Noticed Menkaure
  3099 | D:5      | 3099 ||| INVOKING Heroism.
  3102 | D:5      | Killed Menkaure
  3103 | D:5      | Reached skill level 1 in Invocations
  3246 | D:5      | Identified the +2 chain mail of Curiosity {Will+ Str+2
                  | Slay-2}
  3258 | D:5      | Noticed Eustachio
  3259 | D:5      | 3259 ||| INVOKING Heroism.
  3270 | D:5      | Killed Eustachio
  3271 | D:5      | Reached skill level 3 in Invocations
  3334 | D:5      | 3334 ||| INVOKING Heroism.
  3336 | D:5      | Reached skill level 11 in Ranged Weapons
  3456 | D:5      | 3456 ||| INVOKING Heroism.
  3462 | D:5      | Reached ** piety under Okawaru
  3463 | D:5      | Reached XP level 8. HP: 44/44 MP: 10/13
  3647 | D:5      | 3647 ||| READING scroll labelled GOXKOE SASHRIN.
  3722 | D:5      | 3722 ||| READING scroll labelled LINAASU MUTURR.
  3722 | D:5      | Identified a scroll of acquirement
  3722 | D:5      | 3722 ||| ACQUIRING ring "Rytiodgheeta" {rElec rF+ Stlth+}
  3722 | D:5      | Acquired the ring "Rytiodgheeta" {rElec rF+ Stlth+}
  3724 | D:5      | 3724 ||| UPGRADING to ring "Rytiodgheeta" {rElec rF+
                  | Stlth+}.
  3725 | D:5      | 3725 ||| READING 2 scrolls of identify.
  3725 | D:5      | 3725 ||| IDENTIFYING bubbling clear potion
  3726 | D:5      | 3726 ||| DROPPING potion of degeneration.
  3745 | D:6      | 3745 ||| INVOKING Heroism.
  3750 | D:6      | Reached skill level 12 in Ranged Weapons
  3766 | D:6      | 3766 ||| SWAPPING to +0 orcbow.
  3769 | D:6      | Reached skill level 3 in Fighting
  3769 | D:6      | 3769 ||| DROPPING +0 heavy shortbow.
  3782 | D:6      | Found a stormy altar of Qazlal.
  3800 | D:6      | 3800 ||| INVOKING Heroism.
  3838 | D:6      | 3838 ||| INVOKING Heroism.
  3892 | D:6      | Reached skill level 13 in Ranged Weapons
  4077 | D:6      | 4077 ||| READING scroll of enchant armour.
  4077 | D:6      | 4077 ||| ENCHANTING +1 ring mail.
  4288 | D:6      | Found a blossoming altar of Fedhas.
  4313 | D:6      | 4313 ||| READING scroll labelled LAOSYXOABB.
  4419 | D:7      | 4419 ||| INVOKING Heroism.
  4505 | D:7      | 4505 ||| STAIRDANCE
  4572 | D:7      | 4572 ||| INVOKING Heroism.
  4585 | D:7      | Reached XP level 9. HP: 47/50 MP: 12/14
  4608 | D:7      | 4608 ||| INVOKING Heroism.
  4611 | D:7      | Reached skill level 14 in Ranged Weapons
  4916 | D:7      | 4916 ||| UPGRADING to +0 pair of boots.
  4959 | D:6      | 4959 ||| INVOKING Heroism.
  4961 | D:6      | 4961 ||| Stepping ~*~*~tactically~*~*~ (outnumbered).
  4963 | D:6      | 4963 ||| Stepping ~*~*~tactically~*~*~ (outnumbered).
  4982 | D:6      | Reached skill level 15 in Ranged Weapons
  5079 | D:6      | 5079 ||| INVOKING Heroism.
  5080 | D:6      | 5080 ||| Stepping ~*~*~tactically~*~*~ (outnumbered).
  5095 | D:6      | 5095 ||| Stepping ~*~*~tactically~*~*~ (outnumbered).
  5097 | D:6      | 5097 ||| INVOKING Heroism.
  5097 | D:6      | Noticed a kobold demonologist
  5097 | D:6      | Noticed a troll
  5098 | D:6      | Noticed a two-headed ogre
  5100 | D:6      | 5100 ||| Stepping ~*~*~tactically~*~*~ (outnumbered).
  5111 | D:6      | Killed a troll
  5118 | D:6      | 5118 ||| Stepping ~*~*~tactically~*~*~ (outnumbered).
  5118 | D:6      | Slain by a two-headed ogre

Levels and vault maps discovered:
D:1:      onia_arrival_zoo_common, layout_basic
D:2:      layout_basic, hellmonk_ecumenical_altar_dog_temple
D:3:      layout_loops_corners, gammafunk_ghost_cemetery
D:4:      layout_rooms, general_overflow_altar, mainiacjoe_overflow_chevrons,
          nzn_wu_jian_contemplation, minmay_temple_entry_overgrown,
          feat_on_display
D:5:      layout_gridville, minmay_liquid_box, uniq_eustachio, uniq_menkaure
D:6:      minmay_klotski, layout_basic, nicolae_qazlal_scattered_showers,
          kennysheep_mini
D:7:      layout_loops_ring, chequers_decorated_corner
Temple:   hellmonk_temple_micro_hex

Skill      XL: |  1  2  3  4  5  6  7  8  9 |
---------------+----------------------------+-----
Ranged Weapons | 6 7 8 9 10 11 13 15 | 15.1
Armour         | 1 |  1.0
Fighting       | 2 3 4 |  4.0
Dodging        | 3 4 5 |  5.0
Invocations    | 4 |  4.2
Stealth        | |  1.2

Action                     |  1- 3 |  4- 6 |  7- 9 || total
---------------------------+-------+-------+-------++-------
   Fire: Shortbow          |    89 |    94 |    56 ||   239
         Orcbow            |       |       |   177 ||   177
 Invoke: Heroism           |       |     1 |    13 ||    14
    Use: Scroll            |     4 |     8 |     5 ||    17
         Potion            |       |     1 |       ||     1
 Armour: Leather armour    |     4 |       |       ||     4
         Scale mail        |    36 |    17 |       ||    53
         Ring mail         |       |     5 |    19 ||    24
  Dodge: Dodged            |    25 |    44 |    90 ||   159

Table legend:
 A = Non-vault XP
 B = Vault XP
 C = Vault XP percentage of total XP
 D = Non-vault monster count
 E = Vault monster count
 F = Vault count percentage of total count
                 A         B        C        D         E       F
            +---------+---------+-------+---------+---------+-------
      Total |    3062 |    1232 |  28.7 |     101 |      18 |  15.1
            +---------+---------+-------+---------+---------+-------
        D:1 |      19 |       0 |   0.0 |      12 |       0 |   0.0
        D:2 |      74 |       8 |   9.8 |      21 |       4 |  16.0
        D:3 |      54 |       0 |   0.0 |      10 |       0 |   0.0
        D:4 |     183 |       0 |   0.0 |      13 |       0 |   0.0
        D:5 |    1007 |     361 |  26.4 |      13 |       2 |  13.3
        D:6 |     970 |     863 |  47.1 |      19 |      12 |  38.7
        D:7 |     755 |       0 |   0.0 |      13 |       0 |   0.0
            +---------+---------+-------+---------+---------+-------
